 Dungeon Crawl Stone Soup version 0.30-a0-629-gd54f4be4f7 (webtiles) character file.

Game seed: 6725911657276640739

4895 wormed the Transmogrifier (level 10, -7/69 HPs)
             Began as an Octopode Transmuter on Jan 13, 2023.
             Was an Initiate of Gozag.
             Mangled by a yak (14 damage)
             ... on level 9 of the Dungeon.
             The game lasted 00:11:50 (10010 turns).

wormed the Transmogrifier (Octopode Transmuter)    Turns: 10010, Time: 00:11:51

Health: -7/69      AC:  9    Str: 10      XL:     10   Next: 51%
Magic:  13/21      EV: 15    Int: 17 (19) God:    Gozag
Gold:   810        SH:  0    Dex: 13      Spells: 17/24 levels left

rFire   x . .      SeeInvis .      - Unarmed
rCold   + + +      Faith    .    (shield currently unavailable)
rNeg    . . .      Spirit   .    (helmet currently unavailable)
rPois   +          Reflect  .    r - amulet of the acrobat
rElec   .          Harm     .    j - +4 ring of slaying
rCorr   .          Rampage  .    n - ring of willpower
Will    +....                    k - +5 ring of evasion
Stlth   +                        (no ring)
HPRegen 0.31/turn                (no ring)
MPRegen 0.17/turn                (no ring)
                                 (no ring)
                                 (no ring)

@: mighty, ice-form, wereblooded, hasted, very quick
A: freezing attack, boosted hp, almost no armour, amphibious, 8 rings, large,
(camouflage 1), (gelatinous body 1), (nimble swimmer 1), (tentacles)
a: End Transformation, Renounce Religion, Potion Petition, Call Merchant, Bribe
Branch


You were on level 9 of the Dungeon.
You worshipped Gozag.
Gozag was pleased with you.
You were a creature of crystalline ice.
You visited 1 branch of the dungeon, and saw 9 of its levels.

You collected 2716 gold pieces.
You paid 1906 gold pieces to Gozag.

Inventory:

Jewellery
 j - a +4 ring of slaying (left front paw)
 k - a +5 ring of evasion (on tentacle)
 n - a ring of willpower (right front paw)
 r - an amulet of the acrobat (around neck)
 v - a ring of fire
Wands
 b - a wand of flame (9)
 l - a wand of polymorph (8) (quivered)
 t - a wand of digging (5)
Scrolls
 e - a scroll of teleportation
 q - 3 scrolls of silence
 u - 2 scrolls of immolation
 y - a scroll of identify
Potions
 a - 4 potions of lignification
 c - 2 potions of flight
 d - 3 potions of mutation
 f - 5 potions of brilliance
 h - 2 potions of might
 i - 2 potions of degeneration
 m - 2 potions of magic {unknown}
 o - 2 potions of attraction
 p - a potion of ambrosia {unknown}
 s - 3 potions of curing {unknown}
 w - a potion of resistance {unknown}


   Skills:
 - Level 1.0 Fighting
 - Level 2.0 Dodging
 - Level 3.0 Unarmed Combat
 + Level 7.8 Spellcasting
 * Level 11.8 Transmutations
 - Level 5.0 Ice Magic


You had 17 spell levels left.
You knew the following spells:

 Your Spells              Type           Power      Damage    Failure   Level
a - Ice Form              Ice/Tmut       35%        N/A       3%          4
b - Wereblood             Tmut           46%        N/A       1%          2
z - Beastly Appendage     Tmut           92%        N/A       1%          1

Your spell library contained the following spells:

 Spells                   Type           Power      Damage    Failure   Level
 Sting                    Tmut/Pois      100%       1d8       1%          1
 Spider Form              Tmut/Pois      26%        N/A       2%          3
 Poisonous Vapours        Pois/Air       12%        N/A       16%         2
 Olgreb's Toxic Radiance  Pois           6%         N/A       71%         4


Dungeon Overview and Level Annotations

Branches:
Dungeon (9/15)             Temple (0/1) D:7            Lair (0/5) D:8
    Orc: D:9-12

Altars:
Ashenzari
Fedhas
Gozag
Kikubaaqudgha
Nemelex Xobeh
Qazlal
Uskayaw
Wu Jian
The Shining One

Shops:
D:2 !   D:6 *:   D:7 [   D:8 [?


Innate Abilities, Weirdness & Mutations

You are a creature of crystalline ice.
You have a powerful freezing melee attack.
Your maximum health is increased.
Your armour is entirely melded.
You are incapable of wielding weapons or throwing items.
You cannot wear most types of armour.
You are amphibious.
You can wear up to eight rings at the same time.
((Your skin changes colour to match your surroundings (Stealth+).))
((Your rubbery body absorbs attacks. (AC +1, EV +1)))
((You are camouflaged when in or above water. (Stealth+)))
((You have tentacles for arms and can constrict up to eight enemies at once.))


Message History

You tentacle-slap the yak but do no damage.
You squeeze the yak.
The yak is lightly wounded.
The yak gores you.
You tentacle-slap the yak.
Your tentacle-slap misses the yak.
The yak is lightly wounded.
The yak gores you!
You barely miss the yak. You squeeze the yak.
The yak is lightly wounded.
The yak barely misses you.
The yak snorts and paws the ground.
The yak barely misses you.
Your magical contamination has completely faded away.
You barely miss the yak.
The yak is lightly wounded.
The yak gores you!
You are too injured to fight recklessly!
You are too injured to fight recklessly!
Casting: Wereblood (safe; 1% risk of failure)
Confirm with . or Enter, or press ? or * to list all spells.
You turn into a creature of crystalline ice.
The yak gores you. The yak barely misses you.
The yak gores you but does no damage.
You feel yourself speed up. The yak gores you.
* * * LOW HITPOINT WARNING * * *
The yak gores you.
* * * LOW HITPOINT WARNING * * *
The yak closely misses you.
You feel very mighty all of a sudden.
You punch the yak! You freeze the yak.
The yak is moderately wounded.
The yak completely misses you. The yak gores you but does no damage.
The yak closely misses you.
You punch the yak! You freeze the yak.
The yak is heavily wounded.
The yak gores you!
* * * LOW HITPOINT WARNING * * *
The yak gores you!
You die...
Your body crumbles into a pile of gold.

... .... . ... ##.# .#
... #... .# #.###..#
.# # ..Y.. ###.##
#####.##Y## #....#
.....YYYY.##### #....#
#...####......###.[..#
. #.............#
......###.###....#
####### #.###....#
#........# ####.....#
#####..#####
#.........>#


You could see 5 yaks.

Vanquished Creatures
  A hornet (D:8)
  A wyvern (D:9)
  2 wargs (D:8)
  2 sky beasts
  4 black bears
  A hornet zombie (D:6)
  5 orc warriors
  2 ice beasts
  2 ogres
  A centaur (D:6)
  A phantom (D:6)
  3 kobold brigands
  2 bullfrogs
  7 necrophages
  A gnoll sergeant (D:6)
  7 scorpions
  6 killer bees
  A howler monkey (D:7)
  A centaur zombie (D:6)
  A bullfrog zombie (D:6)
  4 hounds
  4 orc priests
  4 jellies (D:6)
  3 gnoll boudas
  9 orc wizards
  20 gnolls
  7 adders
  2 white imps
  An ufetubus (D:7)
  4 dart slugs
  A worm (D:2)
  32 orcs
  4 ball pythons
  4 bats
  8 endoplasms
  3 giant cockroaches
  3 goblins
  7 hobgoblins
  6 jackals
  17 kobolds
  4 quokkas
  5 frilled lizards
  2 rats (D:2)
  A bush (D:6)
206 creatures vanquished.

Vanquished Creatures (others)
  10 plants (D:6)
10 creatures vanquished.

Grand Total: 216 creatures vanquished

Notes
Turn   | Place    | Note
-------+----------+-------------------------------------------
     0 | D:1      | wormed the Octopode Transmuter began the quest for the Orb.
     0 | D:1      | Reached XP level 1. HP: 13/13 MP: 3/3
   210 | D:1      | Reached XP level 2. HP: 18/18 MP: 3/5
   443 | D:1      | Found a faded altar of an unknown god.
   653 | D:1      | Reached skill level 1 in Ice Magic
   772 | D:1      | Reached XP level 3. HP: 23/23 MP: 4/6
  1294 | D:2      | Learned a level 2 spell: Wereblood
  1303 | D:2      | Reached skill level 3 in Transmutations
  1654 | D:2      | Noticed a necrophage
  1661 | D:2      | Killed a necrophage
  1662 | D:2      | Reached XP level 4. HP: 16/28 MP: 5/8
  1667 | D:2      | Learned a level 4 spell: Ice Form
  1841 | D:2      | Reached XP level 5. HP: 30/33 MP: 6/9
  1924 | D:2      | Found Leigigo's Distillery.
  2392 | D:3      | Reached skill level 4 in Transmutations
  2487 | D:3      | Found an opulent altar of Gozag.
  2541 | D:3      | Became a worshipper of Gozag Ym Sagoz the Greedy
  2808 | D:3      | Reached XP level 6. HP: 28/38 MP: 10/10
  2978 | D:3      | Found an ancient bone altar of Kikubaaqudgha.
  3200 | D:3      | Found a glowing golden altar of the Shining One.
  3261 | D:3      | Found an ornate altar of the Wu Jian Council.
  4002 | D:4      | Reached skill level 5 in Transmutations
  4472 | D:5      | Entered Level 5 of the Dungeon
  4472 | D:5      | Noticed an ice beast
  4483 | D:5      | Killed an ice beast
  4484 | D:5      | Reached XP level 7. HP: 40/43 MP: 8/12
  4653 | D:5      | Reached skill level 6 in Transmutations
  4941 | D:5      | Found a stormy altar of Qazlal.
  5099 | D:6      | Reached XP level 8. HP: 45/48 MP: 8/14
  5298 | D:6      | Found a blossoming altar of Fedhas.
  5392 | D:6      | Reached skill level 7 in Transmutations
  5428 | D:6      | Reached skill level 5 in Spellcasting
  5445 | D:6      | Reached skill level 5 in Ice Magic
  5692 | D:6      | Reached skill level 8 in Transmutations
  5747 | D:6      | Reached XP level 9. HP: 53/53 MP: 12/17
  5838 | D:6      | Found Kukofeisk's Serpentskin Sales.
  5950 | D:6      | Reached skill level 9 in Transmutations
  6822 | D:7      | Reached skill level 10 in Transmutations
  7057 | D:7      | Found a sparkling altar of Nemelex Xobeh.
  7190 | D:7      | Found Sugus's Antique Armour Boutique.
  7259 | D:7      | Found a staircase to the Ecumenical Temple.
  7819 | D:8      | Noticed a hornet
  7829 | D:8      | Paralysed by a hornet for 3 turns
  7832 | D:8      | Killed a hornet
  8165 | D:8      | Reached XP level 10. HP: 58/58 MP: 14/20
  8308 | D:8      | HP: 2/69 [orc warrior/+0 long sword (11)]
  8525 | D:8      | Found a staircase to the Lair.
  8540 | D:8      | Reached skill level 11 in Transmutations
  9163 | D:8      | Found a hide-covered altar of Uskayaw.
  9590 | D:8      | Identified a scroll of acquirement
  9590 | D:8      | Acquired 1164 gold pieces
  9888 | D:9      | Found a broken altar of Ashenzari.
 10010 | D:9      | Mangled by a yak

Illustrated notes

Levels and vault maps discovered:
D:1:      minmay_arrival_widening_spiral_wide, layout_basic,
          shapermc_ecumenical_altar_notcrosses
D:2:      layout_loops_ring, serial_shops, shop
D:3:      minmay_door_path, layout_loops_ring, grunt_gozag_breadcrumbs,
          mainiacjoe_overflow_24_doors, mainiacjoe_overflow_two_lobes,
          guppyfry_early_orc_mine
D:4:      layout_basic
D:5:      layout_rooms, nicolae_qazlal_general_emergency
D:6:      minmay_octagon_keep, layout_cave_pods, fedhas_altar_decomposition,
          guppyfry_shop_venom
D:7:      layout_basic, nemelex_diamond_rough_becter,
          minmay_temple_entry_large_hall, serial_shops, nicolae_stop_n_shop_1
D:8:      layout_basic, mainiacjoe_overflow_six_doors_small,
          erik_lair_orcish_takeover, hangedman_decor_slide_cut,
          kennysheep_small_square
D:9:      layout_rooms, nicolae_elyvilon_peaceful_grove, evilmike_ruin_ashenzari

Skill      XL: |  1  2  3  4  5  6  7  8  9 10 |
---------------+-------------------------------+-----
Ice Magic      | 1 2 3 4 5 |  5.0
Transmutations | 3 4 5 6 8 10 11 | 11.8
Spellcasting   | 3 4 5 7 |  7.8
Fighting       | |  1.0
Dodging        | |  2.0
Unarmed Combat | |  3.0

Action                   |  1- 3 |  4- 6 |  7- 9 | 10-12 || total
-------------------------+-------+-------+-------+-------++-------
Melee: Unarmed           |    56 |    92 |   234 |   144 ||   526
       Kick              |    19 |    30 |       |       ||    49
       Constrict         |    19 |    28 |     3 |     1 ||    51
       Tentacles         |    16 |    17 |     3 |     3 ||    39
       Punch             |     3 |     2 |       |       ||     5
 Cast: Beastly Appendage |    22 |    21 |       |       ||    43
       Wereblood         |     5 |    24 |    25 |    13 ||    67
       Ice Form          |       |     1 |    28 |    13 ||    42
Invok: Call Merchant     |       |       |     1 |     2 ||     3
Evoke: Wand              |       |       |     1 |       ||     1
  Use: Scroll            |     4 |     9 |     3 |     4 ||    20
       Potion            |       |       |     2 |     5 ||     7
 Stab: Sleeping          |     7 |     2 |       |       ||     9
Armor: Skin              |     4 |     8 |    41 |    29 ||    82
Dodge: Dodged            |    34 |    51 |   137 |   126 ||   348

Table legend: (Time is in decaauts)
 A = Elapsed time spent in this place.
 B = Non-inter-level travel time spent in this place.
 C = Inter-level travel time spent in this place.
 D = Time resting spent in this place.
 E = Time spent auto-exploring this place.
 F = Levels seen in this place.
 G = Mean time per level.
                   A        B        C        D        E       F      G
               +--------+--------+--------+--------+--------+-----+--------+
         Total |   9978 |   9764 |    214 |    131 |   8155 |   9 | 1108.7 |
       Dungeon |   9978 |   9764 |    214 |    131 |   8155 |   9 | 1108.7 |
               +--------+--------+--------+--------+--------+-----+--------+

Top non-repeatable levels by time:
     D:8: 1808 daAuts
     D:3: 1526 daAuts
     D:7: 1419 daAuts
     D:6: 1322 daAuts
     D:1: 1287 daAuts
     D:2: 935 daAuts
     D:4: 716 daAuts
     D:5: 578 daAuts
     D:9: 384 daAuts
